 Dungeon Crawl Stone Soup version 0.29-a0-620-g13ace881f2 (webtiles) character file.

Game seed: 8429687551568554301

788 Kaemin the Covered (level 7, 0/61 HPs)
             Began as a Minotaur Berserker on June 18, 2022.
             Was a Priest of Trog.
             Slain by a gnoll
             ... wielding a +0 flail
             ... led by a gnoll sergeant
              (7 damage)
             ... on level 5 of the Dungeon.
             The game lasted 00:34:47 (4431 turns).

Kaemin the Covered (Minotaur Berserker)             Turns: 4431, Time: 00:34:48

Health: 0/61       AC: 12    Str: 23    XL:     7   Next: 56%
Magic:  6/6        EV:  5    Int:  3    God:    Trog [***...]
Gold:   270        SH:  0    Dex: 13    Spells: 6/6 levels left

rFire   . . .      SeeInvis .   v - +2 halberd (vamp)
rCold   + . .      Faith    .   (shield currently unavailable)
rNeg    . . .      Spirit   .   d - +1 chain mail
rPois   +          Reflect  .   (helmet restricted)
rElec   .          Harm     .   (no cloak)
rCorr   .          Rampage  .   y - +0 pair of gloves
Will    .....      Clarity  +   (no boots)
Stlth   ..........              (no amulet)
HPRegen 0.20/turn               u - +4 ring of slaying
MPRegen 0.10/turn               A - ring of poison resistance

@: mighty, on berserk cooldown, held, slowed, very slow
A: horns 2, retaliatory headbutt, agile 1, clarity, cold resistance 1
a: Renounce Religion, Berserk, Trog's Hand


You were on level 5 of the Dungeon.
You worshipped Trog.
Trog was most pleased with you.
You visited 2 branches of the dungeon, and saw 6 of its levels.

You collected 270 gold pieces.

Inventory:

Hand Weapons
 a - a +0 falchion
 i - a +5 flail
 o - a +2 short sword of venom
 q - a +0 demon whip of venom
 v - a +2 vampiric halberd (weapon)
Missiles
 e - 6 poisoned darts (quivered)
 l - 3 javelins
 C - 2 throwing nets
Armour
 b - a +0 animal skin
 d - a +1 chain mail (worn)
 y - a +0 pair of gloves (worn)
 D - a +0 hat
Magical Staves
 c - a staff of fire
 f - a staff of death
 j - a staff of air
Jewellery
 u - a +4 ring of slaying (left hand)
 A - a ring of poison resistance (right hand)
Wands
 t - a wand of polymorph (9)
Scrolls
 h - a scroll of torment
 r - a scroll of fog
 s - a scroll of magic mapping
 w - a scroll of teleportation
Potions
 g - 2 potions of haste
 k - a potion of curing
 m - a potion of heal wounds {unknown}
 n - a potion of ambrosia
 p - a potion of brilliance {unknown}
 x - a potion of attraction {unknown}
 z - a potion of degeneration {unknown}


   Skills:
 + Level 5.2 Fighting
 + Level 4.8 Long Blades
 + Level 4.1 Maces & Flails
 + Level 3.7 Polearms
 + Level 3.0 Throwing
 + Level 5.3 Armour
 + Level 2.7 Dodging
 + Level 0.1 Stealth


You had 6 spell levels left.
You didn't know any spells.
Your spell library contained the following spells:

 Spells                   Type           Power      Damage    Failure   Level
 Apportation              Tloc           0%         N/A       99%         1
 Magic Dart               Conj           0%         1d3       99%         1
 Necrotize                Necr           0%         1d4       99%         1
 Shock                    Conj/Air       0%         1d3       99%         1
 Summon Small Mammal      Summ           0%         N/A       99%         1
 Call Imp                 Summ           0%         N/A       100%        2
 Scorch                   Fire           0%         2d5       100%        2
 Mephitic Cloud           Conj/Pois/Air  0%         N/A       100%        3
 Swiftness                Air            0%         N/A       100%        3
 Vampiric Draining        Necr           0%         2d6       100%        3
 Airstrike                Air            0%         N/A       100%        4
 Flame Wave               Conj/Fire      0%         2d4       100%        4
 Agony                    Necr           0%         N/A       100%        5
 Summon Cactus Giant      Summ           0%         N/A       100%        6


Dungeon Overview and Level Annotations

Branches:
Dungeon (5/15)             Temple (1/1) D:4

Altars:
Ashenzari
Elyvilon
Gozag
Makhleb
Qazlal
Ru
Sif Muna
Trog
Wu Jian
Xom
Zin


Innate Abilities, Weirdness & Mutations

You have a pair of horns on your head.
You reflexively headbutt those who attack you in melee.
You are agile. (Dex +4, Int/Str-1)
You possess an exceptional clarity of mind.
Your flesh is cold resistant. (rC+)


Message History

The gnoll sergeant hits you from afar with a +0 spear.
The gnoll hits you but does no damage.
The gnoll hits you from afar with a +0 halberd!
The gnoll sergeant hits you but does no damage.
You feel your anger nearly subside.
You are no longer berserk.
You are exhausted.
You feel yourself slow down.
You are held in a net!
You struggle against the net.
The gnoll hits you but does no damage. x2
The gnoll sergeant hits you but does no damage.
The gnoll hits you but does no damage.
The gnoll sergeant hits you but does no damage.
The gnoll hits you from afar with a +0 halberd.
You tear a large gash into the net.
The gnoll hits you with a +0 flail! The gnoll barely misses you.
The gnoll sergeant hits you from afar with a +0 spear!
You feel better. The gnoll hits you with a +0 flail.
The gnoll barely misses you.
The gnoll sergeant hits you from afar with a +0 spear.
The gnoll hits you but does no damage.
The gnoll sergeant hits you from afar with a +0 spear.
The gnoll barely misses you.
You feel better. The gnoll hits you but does no damage.
The gnoll sergeant hits you from afar with a +0 spear.
The gnoll hits you from afar with a +0 halberd.
You feel very mighty all of a sudden. The gnoll hits you with a +0 flail.
The gnoll hits you from afar with a +0 halberd.
The gnoll sergeant barely misses you. The gnoll hits you with a +0 flail!
* * * LOW HITPOINT WARNING * * *
The gnoll sergeant hits you but does no damage.
The gnoll hits you from afar with a +0 halberd!
* * * LOW HITPOINT WARNING * * *
You feel better. The gnoll hits you but does no damage.
The gnoll hits you from afar with a +0 halberd!
* * * LOW HITPOINT WARNING * * *
The gnoll sergeant hits you but does no damage.
Unknown command.
You feel better. The gnoll hits you with a +0 flail!
You die...

*,,,,*,*********,,,,,,*
*,,***,*,,,,,,*******,*
*,,***,*.,,,,,* *,*
*,,,,,,*.$,,,,* *,*
**,,,,,**...,,,* *,*
,,,,,,,**....,,* *,*
**,,,,,**)...(,* *,#
**,,,***.....g#######.#
**,** **#...gg@......#
#.*** ########..####
*..,*####### #..#
####.##.....####..#
#.....†...........#
#########
**#.##.##..........##
#.......#
.,,,*#.##.....######
#.#####..
..,,*#........#
####.##.##..
...,*####.#.###
#....#......


You could see a gnoll sergeant and 2 gnolls.

Vanquished Creatures
  An ogre (D:5)
  A centaur (D:5)
  A necrophage (D:4)
  A vampire bat (D:3)
  4 hounds
  A jelly (D:4)
  A gnoll shaman (D:4)
  An iguana (D:5)
  14 gnolls
  6 adders
  A white imp (D:5)
  4 worms
  5 dart slugs
  3 orcs
  10 ball pythons
  6 endoplasms
  3 giant cockroaches
  7 goblins
  6 hobgoblins
  6 jackals
  3 quokkas
  9 bats
  5 frilled lizards
  5 kobolds
  7 rats
111 creatures vanquished.

Vanquished Creatures (others)
  2 plants (D:1)
2 creatures vanquished.

Grand Total: 113 creatures vanquished

Notes
Turn   | Place    | Note
-------+----------+-------------------------------------------
     0 | D:1      | Kaemin the Minotaur Berserker began the quest for the Orb.
     0 | D:1      | Reached XP level 1. HP: 19/19 MP: 0/0
   131 | D:1      | Gained mutation: You are agile. (Dex +4, Int/Str-1) [potion
                  | of mutation]
   131 | D:1      | Gained mutation: You possess an exceptional clarity of
                  | mind. [potion of mutation]
   131 | D:1      | Gained mutation: Your flesh is cold resistant. (rC+)
                  | [potion of mutation]
   178 | D:1      | Reached XP level 2. HP: 24/27 MP: 1/1
   336 | D:1      | Found a faded altar of an unknown god.
   389 | D:1      | Reached XP level 3. HP: 24/33 MP: 2/2
  1013 | D:2      | Reached ** piety under Trog
  1088 | D:2      | Reached XP level 4. HP: 28/40 MP: 3/3
  1149 | D:2      | Reached skill level 1 in Maces & Flails
  2148 | D:3      | Reached XP level 5. HP: 47/47 MP: 4/4
  2483 | D:3      | Reached skill level 1 in Throwing
  3112 | D:4      | Reached XP level 6. HP: 55/55 MP: 5/5
  3227 | D:4      | Reached *** piety under Trog
  3322 | D:4      | Reached skill level 1 in Polearms
  3396 | D:4      | Reached skill level 5 in Fighting
  3765 | D:4      | Found a staircase to the Ecumenical Temple.
  3878 | D:4      | Reached XP level 7. HP: 61/61 MP: 6/6
  4037 | Temple   | Entered the Ecumenical Temple
  4195 | D:5      | Entered Level 5 of the Dungeon
  4307 | D:5      | Reached skill level 5 in Armour
  4429 | D:5      | HP: 2/61 [gnoll/+0 halberd[a gnoll sergeant] (9)]
  4431 | D:5      | Slain by a gnoll

Illustrated notes

Levels and vault maps discovered:
D:1:      lightli_arrival_boilingwater, layout_loops_ring, serial_forest,
          infiniplex_forest_straight_2, infiniplex_forest_clump_double,
          infiniplex_forest_diagonal, infiniplex_forest_end_2,
          infiniplex_forest_lined_3, basic_ecumenical_altar, minivault_19,
          hex_medium
D:2:      layout_basic, minmay_misc_feat_plants, minivault_27
D:3:      minmay_wonky_spiral, layout_basic, roderic_batcave,
          grunt_ministairs_6, kennysheep_cross_room, amcnicky_mini_pool_small,
          minmay_misc_feat_square
D:4:      layout_gridville, temple_hall
D:5:      layout_loops_cross, chequers_serial_rivers_large_a,
          minmay_misc_feat_pillars
Temple:   chequers_temple_sunken

Skill      XL: |  1  2  3  4  5  6  7 |
---------------+----------------------+-----
Long Blades    | 4 |  4.8
Fighting       | 4 5 |  5.2
Armour         | 3 4 5 |  5.3
Maces & Flails | 2 3 4 |  4.1
Throwing       | 1 2 3 |  3.0
Polearms       | 1 3 |  3.7
Dodging        | |  2.7
Stealth        | |  0.1

Action                   |  1- 3 |  4- 6 |  7- 9 || total
-------------------------+-------+-------+-------++-------
Melee: Falchion          |    25 |       |       ||    25
       Headbutt          |    10 |    13 |     4 ||    27
       Flail             |    22 |    87 |       ||   109
       Halberd           |       |    29 |    27 ||    56
Throw: Dart              |     5 |    32 |    10 ||    47
       Javelin           |     3 |       |       ||     3
Invok: Berserk           |     1 |     5 |     1 ||     7
       Trog's Hand       |       |     2 |       ||     2
  Use: Potion            |     4 |     1 |     5 ||    10
       Scroll            |     6 |     7 |     1 ||    14
Armor: Chain mail        |    17 |    72 |    21 ||   110
Dodge: Dodged            |    25 |    68 |    14 ||   107

Table legend: (Time is in decaauts)
 A = Elapsed time spent in this place.
 B = Non-inter-level travel time spent in this place.
 C = Inter-level travel time spent in this place.
 D = Time resting spent in this place.
 E = Time spent auto-exploring this place.
 F = Levels seen in this place.
 G = Mean time per level.
                   A        B        C        D        E       F      G
               +--------+--------+--------+--------+--------+-----+--------+
         Total |   4547 |   1653 |   2894 |     44 |    772 |   6 |  757.8 |
       Dungeon |   4435 |   1648 |   2787 |     44 |    772 |   5 |  887.0 |
        Temple |    112 |      5 |    107 |      0 |      0 |   1 |  112.0 |
               +--------+--------+--------+--------+--------+-----+--------+

Top non-repeatable levels by time:
     D:3: 1154 daAuts
     D:2: 1110 daAuts
     D:4: 1008 daAuts
     D:1: 919 daAuts
     D:5: 242 daAuts
  Temple: 112 daAuts
